AoeStats
← ersoy_f

Arabia

510537341Analyzed
1v1 RM · 2d ago on Oct 1, 2026· 31m 16s· 2 players
Game mode
Random Map
Map size
Tiny (2 player)
Population
200
Speed
Normal
Resources
Standard
Victory
Conquest
Starting age
Dark Age
Ending age
Imperial Age
RankedLock teamsTeams togetherTeam positionsShared explorationLock speedFull tech treeHidden civsTurbo modeCheats
Victory
Defeat
🇹🇷 Romans · Türkiye
718
+16
🇨🇳 Armenians · China
715
-16
Genc
4:58 Loom
12:02 Feudal Age
13:21 Horse Collar
13:31 Man-at-Arms
14:45 Long Swordsman
15:37 Arson
19:16 Forging
20:35 Scale Mail Armor
25:50 Double-Bit Axe
29:25 Castle Age
29:26 Two-Handed Swordsman
30:53 Chain Mail Armor
30:47 Gold Mining
ersoy_f
10:20 Feudal Age
11:18 Double-Bit Axe
12:38 Man-at-Arms
13:41 Horse Collar
17:42 Scale Mail Armor
19:13 Forging
25:54 Gold Mining
28:24 Castle Age
29:35 Chain Mail Armor
29:33 Squires
28:58 Long Swordsman
Connection lost

Rejoining the realm…

Still unreachable

The connection could not be restored.

Session expired

The server has moved on; the page needs a fresh start.